 Dungeon Crawl Stone Soup version 0.30-b1-2-g02819fbbbe (webtiles) character file.

Game seed: 7450252113762131517

52367 LLlMATKO the Cleaver (level 14, -11/133 HPs)
             Began as a Minotaur Berserker on June 4, 2023.
             Was an Elder of Trog.
             Mangled by a death yak simulacrum (13 damage)
             ... on level 5 of the Lair of Beasts.
             The game lasted 00:19:33 (19565 turns).

LLlMATKO the Cleaver (Minotaur Berserker)          Turns: 19565, Time: 00:19:33

Health: -11/133    AC: 22    Str: 31    XL:     14   Next: 26%
Magic:  0/13       EV: 12    Int:  4    God:    Trog [****..]
Gold:   1290       SH: 11    Dex: 12    Spells: 13/13 levels left

rFire   + + .        b - +1 hand axe (flame)
rCold   + . .        M - +0 kite shield
rNeg    + + .        m - +1 plate armour
rPois   .            (helmet restricted)
rElec   +            s - +0 cloak
rCorr   .            q - +0 pair of gloves
SInv    .            t - +0 pair of boots
Will    +....        G - amulet of Lasari {Spirit rF++ rN+} Stlth
                     F - ring of protection from cold
HPRegen 0.42/turn    R - ring of Geimmeb {rElec rN+ Str+6}
MPRegen 0.13/turn

%: guardian spirit
@: on berserk cooldown, slowed, very slow
A: horns 2, retaliatory headbutt
a: Renounce Religion, Berserk, Trog's Hand, Brothers in Arms


You were on level 5 of the Lair of Beasts.
You worshipped Trog.
Trog was greatly pleased with you.
You visited 2 branches of the dungeon, and saw 17 of its levels.
You also visited: Ossuary, Bailey and Ice Cave.

You collected 1290 gold pieces.

Inventory:

Hand Weapons
 b - a +1 hand axe of flaming (weapon)
Missiles
 d - 44 poisoned darts
 k - 10 boomerangs (quivered)
 n - 6 atropa-tipped darts
 B - 9 javelins
 I - 3 throwing nets
 U - 11 curare-tipped darts
Armour
 m - a +1 plate armour (worn)
 q - a +0 pair of gloves (worn)
 s - a +0 cloak (worn)
 t - a +0 pair of boots (worn)
 u - a +3 ring mail of cold resistance
 M - a +0 kite shield (worn)
Jewellery
 z - a ring of ice
 F - a ring of protection from cold (left hand)
 G - the amulet of Lasari (around neck) {Spirit rF++ rN+}
   (You found it on level 5 of the Dungeon)

   [amulet of guardian spirit]

   It causes incoming damage to be divided between your reserves of health and
   magic.
   rF:        It greatly protects you from fire.
   rN:        It protects you from negative energy.
 J - a +5 ring of evasion
 L - a +4 ring of protection
 P - a +4 ring of slaying
 R - the ring of Geimmeb (right hand) {rElec rN+ Str+6}
   (You found it on level 12 of the Dungeon)

   [ring of strength]

   Str:       It affects your strength (+6).
   rElec:     It insulates you from electricity.
   rN:        It protects you from negative energy.
 T - a +5 ring of evasion
 Y - a +4 ring of protection
Wands
 h - a wand of mindburst (9)
 j - a wand of digging (11)
 o - a wand of quicksilver (33)
 E - a wand of flame (51)
 H - a wand of paralysis (17)
 O - a wand of iceblast (9)
Scrolls
 c - 23 scrolls of identify
 g - 8 scrolls of teleportation
 y - 2 scrolls of fear
 A - 2 scrolls of amnesia {unknown}
 C - a scroll of poison {unknown}
 Q - 2 scrolls of silence {unknown}
 S - 5 scrolls of enchant armour
 V - a scroll of blinking
 W - a scroll of magic mapping
 X - a scroll of butterflies
Potions
 a - 11 potions of heal wounds
 e - 11 potions of curing
 f - 4 potions of attraction {unknown}
 i - a potion of flight {unknown}
 l - 5 potions of haste {unknown}
 p - 7 potions of resistance {unknown}
 r - 4 potions of degeneration {unknown}
 v - 12 potions of brilliance {unknown}
 w - 3 potions of might {unknown}
 x - 3 potions of mutation {unknown}
 D - 9 potions of ambrosia
 K - 2 potions of lignification {unknown}
 N - a potion of berserk rage {unknown}


   Skills:
 + Level 14.6 Fighting
 + Level 14.6 Axes
 + Level 14.3 Armour
 + Level 13.3 Dodging
 + Level 10.6 Shields


You had 13 spell levels left.
You didn't know any spells.
Your spell library was empty.

Dungeon Overview and Level Annotations

Branches:
Dungeon (12/15)            Temple (0/1) D:4            Lair (5/5) D:9
  Swamp (0/4) Lair:3       Spider (0/4) Lair:2        Slime (0/5) Lair:4
    Orc (0/2) D:12        Ossuary (visited)          Bailey (visited)
  IceCv (visited)

Altars:
Ashenzari
Cheibriados
Dithmenos
Gozag
Kikubaaqudgha
Makhleb
Nemelex Xobeh
Okawaru
Qazlal
Sif Muna
Vehumet
Wu Jian
Yredelemnul

Shops:
D:5 *   D:10 :   D:11 [


Innate Abilities, Weirdness & Mutations

You have a pair of horns on your head.
You reflexively headbutt those who attack you in melee.


Message History

The cane toad stings you!
* * * LOW HITPOINT WARNING * * *
You block the elephant's attack. x2
You hit the elephant but do no damage. You headbutt the elephant!
The elephant is heavily wounded.
You closely miss the cane toad. You hit the death yak simulacrum.
You melt the death yak simulacrum.
The cane toad barely misses you.
You block the death yak simulacrum's attack.
The elephant tramples you but does no damage.
The elephant trunk-slaps you.
* * * LOW HITPOINT WARNING * * *
You slash the death yak simulacrum!
You melt the death yak simulacrum.
The death yak simulacrum is heavily damaged.
You hit the cane toad but do no damage. You hit the elephant but do no damage.
You block the cane toad's attack. The death yak simulacrum gores you!
* * * LOW HITPOINT WARNING * * *
The death yak simulacrum freezes you! You resist.
* * * LOW HITPOINT WARNING * * *
The elephant closely misses you. You block the elephant's attack.
You hit the death yak simulacrum but do no damage.
The death yak simulacrum is heavily damaged.
You slash the cane toad! You burn the cane toad.
You hit the elephant but do no damage.
The cane toad stings you but does no damage.
You block the elephant's attack. The elephant closely misses you.
The death yak simulacrum closely misses you.
You furiously retaliate!
You headbutt the death yak simulacrum, but do no damage.
The cane toad closely misses you.
You slash the death yak simulacrum!
You melt the death yak simulacrum.
The death yak simulacrum is severely damaged.
You hit the cane toad. You burn the cane toad. You slash the elephant!
You burn the elephant. You block the cane toad's attack.
The elephant misses you. You furiously retaliate!
You headbutt the elephant! The elephant trunk-slaps you.
* * * LOW HITPOINT WARNING * * *
The death yak simulacrum gores you!
* * * LOW HITPOINT WARNING * * *
The death yak simulacrum freezes you! You resist.
You die...

.#................#..........#...
###.#............##...........#..
.....#...........#.#.........P...
.....####............P...........
....###*..........#..............
......#*#...............P...PPP..
.....## #...............P...P##..
†††..# *#.......FY......#.....)..
.....##*,#......@Z.#.............
....#.#**#.........#..........#..
....### ##.......####.###....P...
.....# #.........# ####.........
.....# #.........## #.#........P
.....# #........#.# *#..........
.....# ##.........#####..........
.....###.#.......###..##.Z...#...
................## ##............


You could see an elephant, a cane toad and a death yak simulacrum.

Vanquished Creatures
  3 dire elephants (Lair:5)
  Snorg (D:12)
  A hydra (Lair:5)
  A catoblepas (Lair:2)
  A boulder beetle (D:12)
  4 two-headed ogres
  Urug (Lair:4)
  The ghost of steph the Fighter, a novice DjFE of Makhleb (D:6)
  Amaemon (Lair:2)
  2 skysharks (Lair:3)
  2 bog bodies (Lair:3)
  An orb spider (Lair:2)
  2 ugly things
  A cyclops (D:12)
  An oklob plant (Lair:1)
  A manticore (D:11)
  An ice statue (IceCv)
  6 black mambas
  10 elephants
  A gargoyle (Bailey)
  An unseen horror (D:12)
  An orange demon (Lair:2)
  14 cane toads
  4 rime drakes
  9 komodo dragons
  A freezing wraith (IceCv)
  A kobold demonologist (D:11)
  2 trolls
  A queen bee (Lair:2)
  A polar bear (Lair:3)
  2 hornets (D:9)
  Grinder (D:3)
  10 blink frogs
  7 dream sheep (Lair:5)
  Sigmund (D:2)
  3 shadows
  A vampire (Bailey)
  43 yaks
  4 wyverns
  2 wraiths
  A basilisk (Lair:2)
  2 steam dragons
  A death yak simulacrum (IceCv)
  A swamp worm (Lair:3)
  6 vampire mosquitoes (D:11)
  14 water moccasins
  2 orc warriors
  An ice beast (D:7)
  8 black bears
  A sky beast (D:7)
  4 ogres
  19 wolves
  2 phantoms
  3 centaurs
  3 kobold brigands
  16 bullfrogs
  2 scorpions
  2 cane toad simulacra (IceCv)
  2 gnoll sergeants
  2 water moccasin zombies (Ossuary)
  A wight (Ossuary)
  38 killer bees
  7 vampire bats (Bailey)
  5 howler monkeys
  9 wolf zombies (Bailey)
  An electric eel (Lair:3)
  A human zombie (Ossuary)
  6 orc priests
  6 bullfrog zombies
  Crazy Yiuf (D:3)
  3 hounds
  A jelly (D:3)
  A sleepcap (D:6)
  5 iguanas
  Terence (D:2)
  2 orc wizards
  6 hell rats (Lair:2)
  Ijyb (D:3)
  A statue (D:3)
  10 gnolls
  6 adders
  A shadow imp (D:5)
  A white imp (D:6)
  An ufetubus (D:4)
  2 adder zombies (Ossuary)
  A worm (D:4)
  3 dart slugs
  42 orcs
  7 bats
  9 endoplasms
  2 giant cockroaches (D:4)
  2 gnoll zombies (Ossuary)
  8 goblins
  3 hobgoblins
  A quokka (D:1)
  4 ball pythons
  7 frilled lizards
  5 goblin zombies (Ossuary)
  4 hobgoblin zombies (Ossuary)
  22 kobolds
  23 orc zombies
  3 rats
  4 rat zombies (D:6)
510 creatures vanquished.

Vanquished Creatures (collateral kills)
  Sonja (Lair:4)
  An ice statue (IceCv)
  2 blink frogs (Lair:4)
4 creatures vanquished.

Vanquished Creatures (others)
  15 fungi
  63 plants
  5 withered plants (Lair:5)
83 creatures vanquished.

Grand Total: 597 creatures vanquished

Notes
Turn   | Place    | Note
-------+----------+-------------------------------------------
     0 | D:1      | LLlMATKO the Minotaur Berserker began the quest for the
                  | Orb.
     0 | D:1      | Reached XP level 1. HP: 19/19 MP: 0/0
   524 | D:1      | Reached XP level 2. HP: 27/27 MP: 1/1
   873 | D:2      | Reached XP level 3. HP: 33/33 MP: 2/2
  1123 | D:2      | Noticed Sigmund
  1132 | D:2      | Killed Sigmund
  1133 | D:2      | Reached XP level 4. HP: 25/41 MP: 3/3
  1133 | D:2      | Reached XP level 5. HP: 29/47 MP: 4/4
  1247 | D:2      | Noticed Terence
  1253 | D:2      | Killed Terence
  1254 | D:2      | Reached skill level 5 in Axes
  1263 | D:2      | Found a faded altar of an unknown god.
  1441 | D:2      | Reached skill level 5 in Fighting
  1662 | D:3      | Reached ** piety under Trog
  1774 | D:3      | Noticed Ijyb
  1781 | D:3      | Killed Ijyb
  1823 | D:3      | Found a stormy altar of Qazlal.
  1836 | D:3      | Reached XP level 6. HP: 50/56 MP: 5/5
  2186 | D:3      | Found a runed translucent door.
  2187 | D:3      | Noticed Crazy Yiuf
  2228 | D:3      | Found an ornate altar of the Wu Jian Council.
  2395 | D:3      | Noticed Grinder
  2407 | D:3      | Paralysed by Grinder for 3 turns
  2412 | D:3      | Killed Grinder
  2413 | D:3      | Reached XP level 7. HP: 51/62 MP: 6/6
  2479 | D:3      | Found a radiant altar of Vehumet.
  2489 | D:3      | Reached skill level 5 in Armour
  2971 | D:3      | Killed Crazy Yiuf
  3233 | D:4      | Found a staircase to the Ecumenical Temple.
  3251 | D:4      | Reached skill level 5 in Dodging
  3267 | D:4      | Found a burning altar of Makhleb.
  3390 | D:4      | Found a sand-covered staircase.
  3435 | Ossuary  | Entered an ossuary
  3575 | Ossuary  | Reached *** piety under Trog
  3577 | Ossuary  | Reached XP level 8. HP: 55/71 MP: 7/7
  3683 | Ossuary  | Noticed a silent spectre
  4101 | D:4      | Found an iron altar of Okawaru.
  4689 | D:5      | Entered Level 5 of the Dungeon
  4712 | D:5      | Found Osonytom's Assorted Antiques.
  4866 | D:5      | Found a shimmering blue altar of Sif Muna.
  4872 | D:5      | Found a sparkling altar of Nemelex Xobeh.
  4967 | D:5      | Found a broken altar of Ashenzari.
  5276 | D:5      | Identified the amulet of Lasari {Spirit rF++ rN+}
  5632 | D:6      | Reached XP level 9. HP: 81/81 MP: 8/8
  5817 | D:6      | Found a runed translucent gate.
  5817 | D:6      | Found a runed translucent gate.
  5817 | D:6      | Found a runed translucent gate.
  5817 | D:6      | Noticed steph's ghost (novice DjFE)
  5819 | D:6      | Found a basalt altar of Yredelemnul.
  6041 | D:6      | Reached **** piety under Trog
  6317 | D:6      | Found a shadowy altar of Dithmenos.
  6445 | D:6      | Found an ancient bone altar of Kikubaaqudgha.
  6558 | D:6      | Killed steph's ghost
  6914 | D:7      | Reached XP level 10. HP: 91/91 MP: 9/9
  7029 | D:8      | Found a flagged portal.
  7058 | Bailey   | Entered a bailey
  7161 | Bailey   | Noticed a gargoyle
  7176 | Bailey   | Killed a gargoyle
  7434 | Bailey   | Reached skill level 10 in Axes
  7453 | Bailey   | Reached skill level 10 in Fighting
  7714 | Bailey   | Identified the +4 ring mail "Ugupy" {rC+ Str-4 Int+4 Dex+2}
  8027 | D:8      | Reached ***** piety under Trog
  8188 | D:8      | Noticed a two-headed ogre
  8200 | D:8      | Killed a two-headed ogre
  8201 | D:8      | Reached skill level 10 in Armour
  8505 | D:8      | Found a snail-covered altar of Cheibriados.
  8792 | D:9      | Reached skill level 1 in Shields
  9006 | D:9      | Reached XP level 11. HP: 83/101 MP: 8/10
  9482 | D:9      | Found a staircase to the Lair.
  9499 | D:9      | Paralysed by a hornet for 2 turns
  9994 | D:10     | Entered Level 10 of the Dungeon
 10088 | D:10     | Noticed a two-headed ogre
 10097 | D:10     | Killed a two-headed ogre
 10098 | D:10     | Reached skill level 10 in Dodging
 10260 | D:10     | Noticed a two-headed ogre
 10270 | D:10     | Killed a two-headed ogre
 10331 | D:10     | Noticed a two-headed ogre
 10341 | D:10     | Killed a two-headed ogre
 10546 | D:10     | Found Worureit's Book Shop.
 10634 | D:10     | Found an opulent altar of Gozag.
 10736 | D:10     | Reached skill level 5 in Shields
 11702 | D:11     | Reached XP level 12. HP: 112/112 MP: 11/11
 11864 | D:11     | Found Gixad's Armour Emporium.
 11975 | D:12     | Noticed a boulder beetle
 11998 | D:12     | Killed a boulder beetle
 12452 | D:12     | Identified the ring of Geimmeb {rElec rN+ Str+6}
 12506 | D:12     | Noticed Snorg
 12520 | D:12     | Killed Snorg
 12788 | D:12     | Found a staircase to the Orcish Mines.
 13313 | Lair:1   | Entered Level 1 of the Lair of Beasts
 14366 | Lair:2   | Noticed a catoblepas
 14446 | Lair:2   | Killed a catoblepas
 14673 | Lair:2   | Found a hole to the Spider Nest.
 14912 | Lair:2   | Noticed Amaemon
 14927 | Lair:2   | Killed Amaemon
 15197 | Lair:2   | Reached XP level 13. HP: 122/122 MP: 12/12
 15241 | Lair:2   | Received a gift from Trog
 15850 | Lair:3   | Found a frozen archway.
 15864 | IceCv    | Entered an ice cave
 15919 | IceCv    | Found a transporter.
 15929 | IceCv    | Found a transporter.
 16413 | Lair:3   | Found a staircase to the Swamp.
 16954 | Lair:4   | Received a gift from Trog
 17551 | Lair:4   | Found a staircase to the Slime Pits.
 17757 | Lair:4   | Noticed Sonja
 17778 | Lair:4   | Noticed Urug
 17792 | Lair:4   | Killed Urug
 17838 | Lair:4   | Killed Sonja
 18479 | Lair:5   | Entered Level 5 of the Lair of Beasts
 18521 | Lair:4   | Reached skill level 10 in Shields
 18840 | Lair:5   | Identified the +2 robe of the Endless Expanse {Will- Str+7
                  | Dex+3}
 18930 | Lair:5   | Reached XP level 14. HP: 130/132 MP: 13/13
 19565 | Lair:5   | HP: 2/133 [death yak simulacrum (10)]
 19565 | Lair:5   | Mangled by a death yak simulacrum

Illustrated notes

Levels and vault maps discovered:
D:1:      dpeg_arrival_lava_temple_mockup, layout_basic
D:2:      layout_rooms, shapermc_ecumenical_altar_ellora, uniq_sigmund,
          uniq_terence
D:3:      cheibrodos_pilgrimage, layout_loops_corners, vehumet_statue,
          nicolae_qazlal_scattered_showers, nicolae_overflow_crystal_walls,
          uniq_grinder, uniq_ijyb, uniq_crazy_yiuf_cottage
D:4:      layout_loops_ring, okawaru_altar_gauntlet_db,
          overflow_temple_1_default, temple_fountains,
          nicolae_ossuary_entry_false_entrances
D:5:      layout_basic, cheibrodos_ashenzari_chains,
          mainiacjoe_overflow_large_starburst, serial_shops, shop,
          minmay_diced_spiral
D:6:      layout_loops_ring, lemuel_zombie_altar_kikubaaqudgha,
          nicolae_dithmenos_the_darkroom, nicolae_yredelemnul_ghost_church,
          minmay_microvault
D:7:      layout_gridville, serial_park_tiny_pond
D:8:      layout_basic, cheibriados_altar_1, enter_bailey_5,
          hangedman_decor_opposing, unseen_surprise_small
D:9:      layout_basic, david_lair_shrubbed, kennysheep_generic_room_6
D:10:     layout_irregular_city, general_overflow_altar, serial_shops,
          nicolae_book_shop_shelving
D:11:     layout_roguey, serial_shops, kennysheep_little_box
D:12:     layout_stronghold, orc_0_dummy, chequers_serial_rivers_room_a,
          uniq_snorg
Lair:1:   layout_gridlike, dpeg_stationary_puzzle
Lair:2:   layout_roguey [special_room_bee], nicolae_spider_entry_orb_guardian,
          uniq_amaemon
Lair:3:   layout_roguey, nicolae_swamp_entry_splash_gauntlet,
          portal_ice_cave_rime, beast_lair_carwin_5, lemuel_fruit_fields,
          grunt_megastairs_2
Lair:4:   layout_loops_ring, slime_entry_1, beast_lair_carwin_2,
          serial_bayou_shore_b, grunt_megastairs_3, lemuel_fruit_fields,
          uniq_sonja, uniq_urug
Lair:5:   due_jungle_book, layout_gridlike

Skill      XL: |  1  2  3  4  5  6  7  8  9 10 11 12 13 |
---------------+----------------------------------------+-----
Fighting       | 4 5 6 7 9 10 11 13 14 | 14.6
Axes           | 4 5 6 7 9 10 12 13 14 | 14.6
Armour         | 3 4 6 7 8 10 11 12 14 | 14.3
Dodging        | 3 4 5 6 8 9 10 11 13 | 13.3
Shields        | 1 5 8 10 | 10.6

Action                     |  1- 3 |  4- 6 |  7- 9 | 10-12 | 13-15 || total
---------------------------+-------+-------+-------+-------+-------++-------
  Melee: Hand axe          |    41 |    51 |   358 |   651 |   465 ||  1566
         Headbutt          |     7 |     8 |    69 |   141 |   105 ||   330
         Punch             |     1 |       |     4 |     2 |       ||     7
  Throw: Boomerang         |       |       |     3 |       |    27 ||    30
 Invoke: Berserk           |       |     2 |     4 |    20 |     9 ||    35
         Trog's Hand       |       |       |     1 |     2 |     4 ||     7
         Brothers in Arms  |       |       |       |       |     2 ||     2
    Use: Scroll            |       |       |     5 |     8 |     2 ||    15
   Stab: Petrified         |       |       |       |     5 |       ||     5
         Petrifying        |       |       |       |     1 |       ||     1
         Distracted        |       |       |       |       |     1 ||     1
 Armour: Scale mail        |    15 |       |       |       |       ||    15
         Animal skin       |     2 |       |       |       |       ||     2
         Chain mail        |     7 |     6 |       |       |       ||    13
         Plate armour      |       |    21 |   221 |   347 |   165 ||   754
  Dodge: Dodged            |    19 |    20 |   130 |   293 |   178 ||   640
  Block: Buckler           |       |       |       |    14 |       ||    14
         Kite shield       |       |       |       |   156 |   257 ||   413
